Description

Many ways to Execute the build. this is only one of Many

VOD

https://youtu.be/AUHGoWqdO-U

Replay - Bunny v Kììì - Eternal Empire LE

Build Order

Get SALT Encoding   

  12  0:00  Probe  
  13  0:15  Pylon  
  13  0:19  Probe  
  14  0:31  Probe  
  14  0:35  Gateway  
  15  0:43  Probe  
  16  0:55  Probe  
  17  0:58  Assimilator  
  17  1:03  Gateway  
  17  1:07  Probe  
  17  1:09  Assimilator  
  18  1:19  Probe  
  19  1:27  Cybernetics Core  
  19  1:31  Probe (Chrono Boost)  
  20  1:37  Pylon  
  20  1:44  Probe (Chrono Boost)  
  21  1:52  Probe (Chrono Boost)  
  22  2:01  Stalker x2 (Chrono Boost)  
  26  2:15  Pylon  
  26  2:19  Warp Gate  
  26  2:23  Adept x2  
  30  2:41  Nexus  
  30  2:59  Stargate  
  30  3:01  Pylon  
  32  3:29  Gateway  
  32  3:46  Gateway x2  
  32  3:48  Pylon  
  32  3:51  Oracle  
  30  4:18  Stalker x2  
  29  4:25  Oracle (Chrono Boost)  
  32  4:41  Adept x3  
  29  5:53  Stalker x4  
Spawning Tool Build Advisor. Get it on Overwolf

Analysis

No Need to Block, Stalkers will pop before the reaper gets in; if the reaper shows up before the stalkers and you Chrono'd from the start this means it was either a Really fast reaper or a Proxy. if they scout the build save the First Chrono(DO NOT CHRONO THE PROBE) and use it on the 1st adept. the reaper will walk in as your outside * the Chrono on the Adept will stop this reaper from doing damage.

Go to:

Details

  • Created by: Sc2KiiiA     
  • Published on: Sep 03, 2020
  • Modified on: Sep 03, 2020
  • Patch: 4.11.0
  • Difficulty: Medium
Show
View Real Time Build Order
Export as new Build Order

Comments (0)

There are no comments. Be the first!

Create an account to comment!